AoeStats
← ramon_beas21

Lombardia

510133787Analyzed
2v2 RM · 3d ago on Sep 29, 2026· 52m 18s· 4 players
Game mode
Random Map
Map size
Medium (4 player)
Population
200
Speed
Normal
Resources
Standard
Victory
Conquest
Starting age
Dark Age
Ending age
Imperial Age
RankedLock teamsTeams togetherTeam positionsShared explorationLock speedFull tech treeHidden civsTurbo modeCheats
Victory
Defeat
🇸🇪 Byzantines · Sweden
853
+11
🇳🇴 Ethiopians · Norway
726
+16
🇪🇸 Burgundians · Spain
833
-17
🇪🇸 Britons · Spain
631
-10
sebamontoro
0:29 Loom
13:38 Feudal Age
22:19 Castle Age
20:26 Double-Bit Axe
22:38 Town Watch
23:58 Forging
23:55 Cavalier
25:02 Scale Barding Armor
38:31 Imperial Age
36:40 Wheelbarrow
37:08 Ballistics
38:31 Iron Casting
37:57 Horse Collar
41:48 Chain Barding Armor
43:43 Hand Cart
43:32 Heavy Plow
43:30 Murder Holes
44:39 Chemistry
45:23 Plate Barding Armor
ramon_beas21
0:33 Loom
10:58 Feudal Age
12:25 Horse Collar
15:55 Man-at-Arms
27:07 Castle Age
25:43 Padded Archer Armor
26:30 Arson
27:14 Fletching
28:49 Crossbowman
32:38 Yeomen
33:13 Heavy Plow
37:44 Husbandry
40:15 Fortified Wall
45:33 Imperial Age
46:31 Elite Longbowman
Keni♿
8:18 Loom
13:12 Feudal Age
15:12 Gold Mining
15:09 Double-Bit Axe
17:05 Horse Collar
17:50 Stone Mining
18:42 Forging
25:00 Castle Age
26:12 Bow Saw
26:05 Heavy Plow
26:59 Husbandry
27:37 Iron Casting
27:10 Scale Barding Armor
27:48 Gold Shaft Mining
33:33 Imperial Age
32:59 Chain Barding Armor
34:38 Conscription
33:56 Heavy Camel Rider
36:19 Caravan
38:37 Crop Rotation
38:53 Wheelbarrow
40:57 Elite Cataphract
44:24 Hand Cart
45:54 Two-Man Saw
46:26 Logistica
48:35 Plate Barding Armor
52:15 Ballistics
52:55 Chemistry
Tompalol
12:00 Feudal Age
13:17 Double-Bit Axe
20:39 Castle Age
21:39 Horse Collar
22:06 Fletching
23:58 Thumb Ring
24:37 Bodkin Arrow
25:00 Bow Saw
27:29 Padded Archer Armor
31:02 Ballistics
30:55 Husbandry
33:49 Imperial Age
32:01 Wheelbarrow
31:13 Town Watch
33:43 Heavy Plow
34:03 Leather Archer Armor
33:50 Scale Mail Armor
34:13 Forging
34:46 Squires
36:06 Two-Man Saw
35:42 Bracer
37:00 Ring Archer Armor
36:24 Loom
37:11 Chain Mail Armor
37:33 Conscription
39:00 Fervor
38:28 Heavy Cavalry Archer
39:15 Gold Mining
39:19 Stone Mining
41:53 Elite Shotel Warrior
44:15 Chemistry
44:54 Iron Casting
44:51 Hand Cart
44:39 Arson
47:15 Blast Furnace
47:21 Plate Mail Armor
48:06 Caravan
52:53 Scale Barding Armor
52:49 Town Patrol
Connection lost

Rejoining the realm…

Still unreachable

The connection could not be restored.

Session expired

The server has moved on; the page needs a fresh start.